 Dungeon Crawl Stone Soup version 0.22-b1-21-g5cfc1688f2 (webtiles) character file.

28 Pisosu the Shooter (level 3, 29/29 HPs)
             Began as a Centaur Hunter on Aug 5, 2018.
             Quit the game on level 1 of the Dungeon.
             The game lasted 00:03:24 (758 turns).

Pisosu the Shooter (Centaur Hunter)                  Turns: 758, Time: 00:03:25

Health: 29/29      AC:  4    Str: 15    XL:     3   Next: 0%
Magic:  3/3        EV:  9    Int: 10    God:
Gold:   9          SH:  0    Dex:  9    Spells: 2/2 levels left

rFire    + . .     SeeInvis .   a - +1 shortbow
rCold    . . .     Gourm    .   (shield currently unavailable)
rNeg     . . .     Faith    .   c - +0 leather armour
rPois    .         Spirit   .   (no helmet)
rElec    .         Reflect  .   (no cloak)
rCorr    .         Harm     .   (no gloves)
MR       .....     Rnd*Tele +   (no barding)
Stlth    +.........             (no amulet)
HPRegen  0.09/turn              g - ring of protection from fire
MPRegen  0.08/turn              i - ring of teleportation (curse)

@: very quick
A: large, hooves 3, deformed body, speed 2, tough skin 3
a: no special abilities


You were on level 1 of the Dungeon.
You were not hungry.

You visited 1 branch of the dungeon, and saw 1 of its levels.

You collected 9 gold pieces.

Inventory:

Hand Weapons
 a - a +1 shortbow (weapon)
 b - a +0 short sword
Missiles
 d - 23 arrows (quivered)
Armour
 c - a +0 leather armour (worn)
Jewellery
 g - a ring of protection from fire (left hand)
 i - a cursed ring of teleportation (right hand)
Scrolls
 e - a scroll of random uselessness {unknown}
 h - a scroll of magic mapping {unknown}
 j - a scroll of remove curse {unknown}
 k - 2 scrolls of identify {unknown}
Potions
 l - a potion of heal wounds {unknown}
 m - a potion of mutation {unknown}
Comestibles
 f - 4 rations


   Skills:
 + Level 2.3 Fighting
 + Level 6.4 Bows
 - Level 1.4 Dodging
 - Level 0.4 Stealth


You had 2 spell levels left.
You didn't know any spells.
Your spell library was empty.

Dungeon Overview and Level Annotations

Branches:
Dungeon (1/15)

Altars:


Innate Abilities, Weirdness & Mutations

You have hooves in place of feet.
Armour fits poorly on your strangely shaped body.
You cover ground very quickly.
You have extremely tough skin. (AC +3)


Message History

You shoot an arrow. The arrow hits the rat.
You kill the rat!
d - 25 arrows (gained 1)
A kobold comes into view. It is wielding a dagger.
The kobold shouts!
Firing (i - inventory)
d - 25 arrows (quivered)
Press: ? - help, Shift-Dir - straight line, f - kobold
Aim: a kobold, wielding a dagger You shoot an arrow.
The arrow barely misses the kobold.
Firing (i - inventory)
d - 24 arrows (quivered)
Press: ? - help, Shift-Dir - straight line, f/p - kobold
Aim: a kobold, wielding a dagger You shoot an arrow.
The arrow hits the kobold!
You kill the kobold!
You have reached level 3!
Your experience leads to an increase in your attributes!
Increase (S)trength, (I)ntelligence, or (D)exterity?
You feel stronger.
Unknown command.
Are you sure you want to abandon this character and quit the game? (Confirm with "yes".)

### #.# #.# #.# #.#
#.# ..####.## #.#.
#.# #.#####.#
........#
#.##.####.#...#.#
...###..#
#...........#.#.#
...# #..#
#.#.#####.#.#.#.#
...# #..#
#.#.#####.###.#.#
...# #..#
#...............#.#
...# #..#
#.#.#####.###.#.#.#
#.## #..#
#.@...............#
#.####..#
#(..#...........#.#
#.#.....#
#...#.........#.###
#.#.##..#
##..##............#
#.#.....#
...#...........#.#
........#
#(####....#.......
....###.# ...
....####.###..
..### #.# #(#
########.##♣♣# ..#
#.# ..........♣♣♣


There were no monsters in sight!

Vanquished Creatures
  4 dart slugs (D:1)
  3 goblins (D:1)
  4 hobgoblins (D:1)
  2 bats (D:1)
  3 frilled lizards (D:1)
  3 kobolds (D:1)
  2 rats (D:1)
21 creatures vanquished.

Notes
Turn   | Place    | Note
-------+----------+-------------------------------------------
     0 | D:1      | Pisosu the Centaur Hunter began the quest for the Orb.
     0 | D:1      | Reached XP level 1. HP: 17/17 MP: 1/1
   138 | D:1      | Reached XP level 2. HP: 24/24 MP: 2/2
   215 | D:1      | Reached skill level 6 in Bows
   757 | D:1      | Reached XP level 3. HP: 29/29 MP: 3/3
   758 | D:1      | Quit the game

Skill      XL: |  1  2 |
---------------+-------+-----
Bows           | 6 |  6.4
Fighting       | |  2.3
Dodging        | |  1.4
Stealth        | |  0.4

Action                   || total
-------------------------++-------
 Fire: Shortbow          ||    52
Armor: Leather armour    ||     2
Dodge: Dodged            ||     3
